 Dungeon Crawl Stone Soup version 0.32-a0-422-g28b100f618 (webtiles) character file.

Game seed: 6227769583719517271

305210 pokeman the Archmage (level 20, -14/117 HPs)
             Began as a Deep Elf Hedge Wizard on Feb 21, 2024.
             Was the Champion of Vehumet.
             Blown up by Boris (85 damage)
             ... with an orb of destruction
             ... on level 2 of the Vaults.
             The game lasted 01:54:57 (40440 turns).

pokeman the Archmage (Deep Elf Hedge Wizard)       Turns: 40440, Time: 01:54:58

Health: -14/117    AC: 18    Str: 10    XL:     20   Next: 28%
Magic:  53/53      EV: 12    Int: 43    God:    Vehumet [******]
Gold:   4941       SH:  0    Dex: 14    Spells: 14/73 levels left

rFire   + + +        g - staff of fire
rCold   + . .        W - crystal ball of Wucad Mu {*channel}
rNeg    . . .        Y - +2 leather armour {rPois}
rPois   +            D - +2 hat
rElec   +            y - scarf {rC+ rF+}
rCorr   .            B - +1 pair of gloves "Zapizxel" {Fly rElec rF+ rC+}
SInv    .            A - +2 pair of boots "Niguhet" {*Slow +Inv Int+6}
Will    ++...        O - amulet "Wukune" {RegenMP Regen+ Int+2 Slay-2 Stlth+}
Stlth   +++          V - ring of Xom's Attic {AC+4 Str+3 Int+6}
HPRegen 1.19/turn    L - ring of fire
MPRegen 0.73/turn

%: slow self (1%), channel magic (40%)
@: flying, studying 3 skills
A: no striking features
}: 2/15 runes: barnacled, gossamer
a: Renounce Religion, Evoke Invisibility


You were on level 2 of the Vaults.
You worshipped Vehumet.
Vehumet was exalted by your worship.
You visited 8 branches of the dungeon, and saw 36 of its levels.
You also visited: Bailey and Ice Cave.

You collected 6223 gold pieces.
You spent 1282 gold pieces at shops.

Inventory:

Missiles
 J - 8 curare-tipped darts
Armour
 c - a +1 ring mail of fire resistance
 y - a scarf of resistance (worn)
 A - the +2 pair of boots "Niguhet" (worn) {*Slow +Inv Int+6}
   (You found it on level 4 of the Spider Nest)

   Int+6:     It affects your intelligence (+6).
   +Inv:      It lets you turn invisible.
   *Slow:     It may slow you when you take damage.
 B - the +1 pair of gloves "Zapizxel" (worn) {Fly rElec rF+ rC+}
   (You acquired it on level 1 of the Elven Halls)

   rF+:       It protects you from fire.
   rC+:       It protects you from cold.
   rElec:     It insulates you from electricity.
   Fly:       It grants you flight.
 D - a +2 hat (worn)
 W - the crystal ball of Wucad Mu (worn) {*channel}
   (You took it off a deep elf death mage on level 3 of the Elven Halls)

   *Channel:  It often returns the magic spent to cast spells, but lowers their
   success rate.
   It always returns the magic spent on miscasts.
 Y - a +2 leather armour of poison resistance (worn)
Magical Staves
 g - a staff of fire (weapon)
Jewellery
 L - a ring of fire (right hand)
 M - the ring of Eternal Harmony {rF+++ Will+ rCorr Int-4 SInv}
   (You found it in an ice cave)

   [ring of resist corrosion]

   Int-4:     It affects your intelligence (-4).
   rF+++:     It renders you almost immune to fire.
   Will+:     It increases your willpower.
   SInv:      It lets you see invisible.
   rCorr:     It protects you from acid and corrosion.
 O - the amulet "Wukune" (around neck) {RegenMP Regen+ Int+2 Slay-2 Stlth+}
   (You acquired it on level 13 of the Dungeon)

   [amulet of magic regeneration]

   RegenMP:   It increases your rate of magic regeneration.
   Int+2:     It affects your intelligence (+2).
   Slay-2:    It affects your accuracy & damage with ranged weapons and melee
   (-2).
   Regen+:    It increases your rate of health regeneration.
   Stlth+:    It makes you more stealthy.
 V - the ring of Xom's Attic (left hand) {AC+4 Str+3 Int+6}
   (You took it off a deep elf demonologist on level 3 of the Elven Halls)

   [ring of protection]

   AC+4:      It affects your AC (+4).
   Str+3:     It affects your strength (+3).
   Int+6:     It affects your intelligence (+6).
Wands
 e - a wand of iceblast (6)
 o - a wand of acid (37)
Scrolls
 a - 18 scrolls of teleportation
 b - a scroll of immolation
 h - 4 scrolls of blinking
 m - 5 scrolls of revelation
Potions
 d - 2 potions of magic
 l - 14 potions of curing
 s - a potion of resistance
 F - 5 potions of haste
 G - 10 potions of heal wounds
Miscellaneous
 f - a box of beasts
 K - a phantom mirror


   Skills:
 - Level 10.0 Fighting
 + Level 9.3 Armour
 - Level 3.0 Dodging
 - Level 3.3 Stealth
 - Level 7.0 Shields
 O Level 27 Spellcasting
 * Level 20.1 Conjurations
 - Level 1.1 Summonings
 - Level 1.1 Translocations
 + Level 19.0 Fire Magic
 - Level 1.0 Ice Magic
 - Level 1.0 Air Magic
 - Level 4.0 Earth Magic
 - Level 1.0 Alchemy
 - Level 1.0 Evocations


You had 14 spell levels left.
You knew the following spells:

 Your Spells              Type           Power      Damage    Failure   Level
a - Magic Dart            Conj           100%       1d8       1%          1
b - Mephitic Cloud        Conj/Alch/Air  88%        N/A       1%          3
c - Call Imp              Summ           100%       N/A       2%          2
d - Blink                 Tloc           100%       N/A       2%          2
e - Foxfire               Conj/Fire      100%       2x1d9     1%          1
f - Fireball              Conj/Fire      87%        3d32      1%          5
g - Lee's Rapid Deconstr  Erth           37%        3d19*     1%          5
h - Starburst             Conj/Fire      87%        6d22      1%          6
i - Iskenderun's Battles  Conj           100%       2d15      1%          5
j - Orb of Destruction    Conj           62%        9d15      1%          7
k - Ignition              Fire           86%        3d22      1%          8
l - Freezing Cloud        Conj/Ice/Air   44%        6-21      1%          5
m - Fire Storm            Conj/Fire      87%        8d22      7%          9

Your spell library contained the following spells:

 Spells                   Type           Power      Damage    Failure   Level
 Shatter                  Erth           37%        3d30*     100%        9
 Freeze                   Ice            100%       1d10      1%          1
 Kiss of Death            Conj/Necr      100%       2d13      1%          1
 Sandblast                Erth           100%       2d20      1%          1
 Shock                    Conj/Air       100%       1d9       1%          1
 Sting                    Conj/Alch      100%       1d9       1%          1
 Mercury Vapours          Alch/Air       100%       N/A       1%          2
 Momentum Strike          Conj/Tloc      100%       3d10      1%          2
 Frozen Ramparts          Ice            100%       1d16      1%          3
 Hailstorm                Conj/Ice       99%        3d16      1%          3
 Inner Flame              Hex/Fire       100%       N/A       1%          3
 Stone Arrow              Conj/Erth      100%       3d13      1%          3
 Volatile Blastmotes      Fire/Tloc      100%       2d18      1%          3
 Brom's Barrelling Bould  Conj/Erth      100%       2d11      1%          4
 Flame Wave               Conj/Fire      100%       2d21      1%          4
 Fulminant Prism          Conj/Alch      49%        3d21      1%          4
 Ignite Poison            Fire/Alch      100%       N/A       1%          4
 Iskenderun's Mystic Bla  Conj/Tloc      99%        2d19      1%          4
 Sticky Flame             Fire/Alch      100%       2d15      1%          4
 Summon Blazeheart Golem  Fire/Summ      100%       N/A       1%          4
 Arcjolt                  Conj/Air       49%        1d59      1%          5
 Conjure Ball Lightning   Conj/Air       49%        3x3d17    1%          6
 Plasma Beam              Fire/Air       72%        2x1d89    1%          6
 Apportation              Tloc           100%       N/A       2%          1
 Necrotise                Necr           100%       1d9       2%          1
 Slow                     Hex            100%       N/A       2%          1
 Lesser Beckoning         Tloc           100%       N/A       2%          2
 Passwall                 Erth           75%        N/A       2%          3
 Airstrike                Air            30%        2d(5-21)  2%          4
 Olgreb's Toxic Radiance  Alch           61%        N/A       2%          4
 Cigotuvi's Dreadful Rot  Necr/Alch/Air  100%       N/A       3%          2
 Ensorcelled Hibernation  Hex/Ice        100%       N/A       3%          2
 Jinxbite                 Hex            100%       N/A       3%          2
 Sublimation of Blood     Necr           55%        N/A       3%          2
 Spellforged Servitor     Conj/Summ      49%        N/A       3%          7
 Call Canine Familiar     Summ           61%        N/A       4%          3
 Confusing Touch          Hex            55%        N/A       4%          3
 Fugue of the Fallen      Necr           55%        N/A       4%          3
 Gell's Gravitas          Tloc           61%        N/A       4%          3
 Sigil of Binding         Hex            55%        N/A       4%          3
 Summon Ice Beast         Ice/Summ       61%        N/A       4%          3
 Swiftness                Air            61%        N/A       4%          3
 Teleport Other           Tloc           61%        N/A       4%          3
 Tukima's Dance           Hex            55%        N/A       4%          3
 Vampiric Draining        Necr           55%        2d9       4%          3
 Animate Armour           Summ/Erth      100%       N/A       5%          4
 Leda's Liquefaction      Alch/Erth      34%        N/A       5%          4
 Yara's Violent Unravell  Hex/Alch       29%        3d12      5%          5
 Passage of Golubria      Tloc           61%        N/A       8%          4
 Summon Lightning Spire   Summ/Air       61%        N/A       8%          4
 Vhi's Electric Charge    Tloc/Air       100%       N/A       8%          4
 Dimensional Bullseye     Hex/Tloc       29%        N/A       10%         4
 Martyr's Knell           Necr/Summ      58%        N/A       10%         4
 Lehudib's Crystal Spear  Conj/Erth      52%        10d12     10%         8
 Anguish                  Hex/Necr       27%        N/A       11%         4
 Animate Dead             Necr           55%        N/A       11%         4
 Dispel Undead            Necr           55%        3d20      11%         4
 Borgnjor's Vile Clutch   Necr/Erth      33%        N/A       12%         5
 Summon Forest            Summ/Tloc      30%        N/A       16%         5
 Alistair's Intoxication  Alch           40%        N/A       17%         5
 Eringya's Noxious Bog    Alch           30%        4d6       17%         6
 Silence                  Hex/Air        29%        N/A       19%         5
 Summon Mana Viper        Hex/Summ       58%        N/A       19%         5
 Curse of Agony           Necr           55%        N/A       22%         5
 Summon Cactus Giant      Summ           30%        N/A       52%         6
 Sculpt Simulacrum        Ice/Alch       30%        N/A       54%         6
 Death Channel            Necr           27%        N/A       65%         6
 Monstrous Menagerie      Summ           30%        N/A       95%         7
 Summon Hydra             Summ           30%        N/A       95%         7
 Haunt                    Necr/Summ      29%        N/A       98%         7
 Maxwell's Capacitive Co  Air            30%        ∞         98%         8
 Borgnjor's Revivificati  Necr           27%        N/A       100%        8
 Infestation              Necr           27%        N/A       100%        8
 Summon Horrible Things   Summ           30%        N/A       100%        8
 Death's Door             Necr           27%        N/A       100%        9


Dungeon Overview and Level Annotations

Branches:
Dungeon (15/15)            Temple (1/1) D:4            Lair (5/5) D:9
 Shoals (4/4) Lair:2       Spider (4/4) Lair:2        Slime (0/5) Lair:5
    Orc (2/2) D:10            Elf (3/3) Orc:2        Vaults (2/5) D:13
 Depths (0/4) D:15         Bailey (visited)           IceCv (visited)
  Crypt: Vaults:2-3

Altars:
Ashenzari
Cheibriados
Dithmenos
Elyvilon
Fedhas
Gozag
Hepliaklqana
Kikubaaqudgha
Makhleb
Nemelex Xobeh
Okawaru
Qazlal
Ru
Sif Muna
Trog
Uskayaw
Vehumet
Wu Jian
Xom
Yredelemnul
Zin
The Shining One
Beogh
Jiyva

Shops:
D:10 =*:=*[   Orc:2 *[[((   Elf:1 *   Elf:2 (   Elf:3 :[[=   Shoals:1 ?
Shoals:3 *   Shoals:4 *

Annotations:
Elf:2 3 runed translucent doors


Message History

The lindwurm roars!
You are engulfed in excruciating misery.
You hear a roar!
You hear a shout!
A lindwurm comes into view.
Boris launches a ball of destructive magic.
An orb of destruction comes into view.
Unknown command.
Unknown command.
Casting: Ignition (dangerous; 1% risk of failure)
Confirm with . or Enter, or press ? or * to list all spells.
Casting: Ignition (dangerous; 1% risk of failure)
Press: ? - help, Dir - look around, f - activate You feel a strong surge of power!
The air bursts into flame!
The fireball engulfs Boris!!!
You destroy Boris!
Vehumet accepts your kill.
You feel your power returning.
Boris says, "We will meet again!"
The fireball engulfs the sphinx!!
You kill the sphinx!
Vehumet accepts your kill.
The fireball engulfs the lindwurm!!
You kill the lindwurm!
Vehumet accepts your kill.
You feel your power returning.
The fireball engulfs the lindwurm!!!
You kill the lindwurm!
Vehumet accepts your kill.
You feel your power returning.
The fireball engulfs the lindwurm!
The lindwurm is moderately wounded.
The fireball engulfs the lindwurm!!!
You kill the lindwurm!
Vehumet accepts your kill.
You feel your power returning. Magical energy flows into your mind!
You are engulfed in excruciating misery.
You hear a roar! x2; You hear a shout! x2
Your Fire Magic skill increases to level 19!
Unknown command.
The orb of destruction hits you!!!!
Ouch! That really hurt!
You die...

#..# #..+ #..# #..# #..#
#.§#
#######○°###############
.......@§°..............
.......°°...............
.......☼................
.†..†...○...............
..†.....°...............
#######.[...............
#.................
#.................
#.................


There were no monsters in sight!

Vanquished Creatures
  Bai Suzhen (Spider:3)
  Sojobo (Vaults:2)
  Boris (Vaults:2)
  Nikola (Spider:2)
  Mlioglotl (Shoals:3)
  Jorgrun (Spider:3)
  2 deep elf master archers (Elf:3)
  2 deep elf blademasters (Elf:3)
  A sphinx (Vaults:2)
  Polyphemus (Shoals:3)
  2 tengu reavers (Vaults:2)
  Aizul (Shoals:3)
  Frances (D:12)
  Kirke (Shoals:1)
  Donald (Spider:1)
  10 emperor scorpions
  Ilsuiw (Shoals:3)
  3 deep elf sorcerers (Elf:3)
  3 ghost moths (Spider:4)
  4 deep elf elementalists (Elf:3)
  An ironbound preserver (Vaults:1)
  A broodmother (Spider:1)
  A very ugly thing (Vaults:1)
  2 orc warlords
  An ironbound thunderhulk (Vaults:2)
  A formless jellyfish (Vaults:2)
  8 deep elf death magi
  5 deep elf annihilators (Elf:3)
  6 deep elf demonologists
  4 dire elephants (Vaults:2)
  3 minotaurs
  A white draconian (IceCv)
  A spark wasp (Spider:2)
  An ettin (Orc:2)
  6 merfolk javelineers (Shoals:4)
  2 fire dragons
  6 merfolk impalers
  Josephine (Lair:4)
  3 yaktaur captains
  4 entropy weavers
  An ice dragon (D:15)
  Erolcha (Orc:2)
  3 vault guards
  A hydra (Lair:2)
  5 catoblepae
  A jorogumo (Spider:2)
  4 merfolk avatars
  3 ironbound frosthearts
  4 two-headed ogres
  An ogre mage (D:12)
  6 radroaches
  Erica (D:11)
  13 centaur warriors
  14 dancing weapons
  2 alligator snapping turtles
  2 satyrs
  6 boulder beetles
  7 merfolk aquamancers
  14 death yaks
  2 occultists
  A shock serpent (shapeshifter) (Elf:1)
  A tengu warrior (D:14)
  7 demonic crawlers
  Urug (D:10)
  12 spriggans (Lair:5)
  Sonja (D:10)
  9 deep elf knights
  An orc high priest (Orc:2)
  6 skysharks
  4 pharaoh ants
  A sun moth (Spider:2)
  9 sea snakes
  3 deep trolls (Vaults:1)
  8 glowing orange brains
  10 orb spiders
  2 ironbound convokers (Vaults:1)
  9 lindwurms
  Pikel (D:5)
  12 harpies
  17 deep elf archers
  2 necromancers
  6 orc knights
  3 arcanists
  6 steelbarb worms
  23 deep elf pyromancers
  15 deep elf zephyrmancers
  19 wolf spiders
  18 ugly things
  6 orc sorcerers
  An oklob plant (Orc:2)
  25 manticores
  4 fauns (Shoals:3)
  Maurice (D:7)
  7 cyclopes
  6 meliai
  5 elephants
  5 moths of wrath
  11 merfolk sirens
  9 water nymphs
  3 gargoyles
  3 vault sentinels (Vaults:1)
  Joseph (D:8)
  5 black mambas
  2 ice statues (IceCv)
  2 kobold blastminers (Orc:2)
  12 cane toads
  4 torpor snails
  Maggie (D:6)
  13 yaktaurs
  9 komodo dragons
  An unseen horror (D:12)
  An efreet (D:14)
  7 rime drakes
  2 tengu conjurers
  7 trolls
  5 polar bears (Lair:5)
  A queen bee (shapeshifter) (Elf:1)
  5 hornets
  34 merfolk
  34 tarantellas
  4 wind drakes
  8 blink frogs
  Prince Ribbit (Bailey)
  11 dream sheep
  13 snapping turtles
  15 slime creatures
  37 jumping spiders
  4 air elementals
  25 culicivoras
  3 shadows (D:10)
  68 yaks
  6 wyverns
  14 water elementals
  6 basilisks
  3 hogs (Shoals:1)
  4 humans (Bailey)
  A golden eye (shapeshifter) (D:13)
  8 wraiths
  A warg (shapeshifter) (D:13)
  3 fire elementals
  4 steam dragons
  A basilisk (shapeshifter) (Elf:3)
  74 redbacks
  3 acid dragons (D:12)
  13 water moccasins
  45 orc warriors
  2 sky beasts (D:7)
  6 ogres
  6 black bears
  29 wolves
  5 boggarts
  12 centaurs
  3 lemures (D:5)
  A kobold brigand (D:7)
  20 bullfrogs
  3 earth elementals
  3 gnoll sergeants
  4 scorpions
  3 wights (D:7)
  17 killer bees
  2 lindwurm simulacra (IceCv)
  3 electric eels
  4 howler monkeys
  A bombardier beetle (D:4)
  4 komodo dragon simulacra (IceCv)
  3 hounds
  27 orc priests
  2 jellies (D:7)
  2 gnoll boudas
  A sleepcap (D:8)
  8 iguanas
  Ijyb (D:5)
  Natasha (thrice) (D:4)
  6 hell rats (Lair:1)
  32 orc wizards
  A mummy (D:6)
  33 gnolls
  3 acid dragon simulacra (IceCv)
  9 adders
  2 shadow imps (D:5)
  2 white imps
  12 steam dragon simulacra (IceCv)
  2 dart slugs
  6 ribbon worms
  95 orcs
  4 ball pythons
  5 endoplasms
  A giant cockroach (Lair:2)
  12 goblins
  4 hobgoblins
  2 jackals (D:1)
  16 kobolds
  3 quokkas
  7 bats
  A frilled lizard (D:2)
  2 kobold zombies (D:6)
  2 orc zombies (D:6)
  6 rats
  A foxfire (D:3)
1446 creatures vanquished.

Vanquished Creatures (collateral kills)
  An adder (D:4)
  9 foxfires
10 creatures vanquished.

Vanquished Creatures (others)
  2 fire vortices (Vaults:2)
  1046 foxfires
1048 creatures vanquished.

Grand Total: 2504 creatures vanquished

Notes
Turn   | Place    | Note
-------+----------+-------------------------------------------
     0 | D:1      | pokeman the Deep Elf Hedge Wizard began the quest for the
                  | Orb.
     0 | D:1      | Reached XP level 1. HP: 10/10 MP: 7/7
   273 | D:1      | Reached XP level 2. HP: 16/16 MP: 6/9
   875 | D:1      | Reached skill level 5 in Spellcasting
   962 | D:1      | Reached XP level 3. HP: 20/20 MP: 9/11
   966 | D:1      | Learned a level 3 spell: Mephitic Cloud
   969 | D:1      | Learned a level 2 spell: Call Imp
   972 | D:1      | Learned a level 2 spell: Blink
  1063 | D:1      | You fall into a shaft and drop 1 floor!
  1334 | D:2      | Reached skill level 1 in Armour
  1370 | D:2      | Reached skill level 1 in Fighting
  1370 | D:2      | Reached XP level 4. HP: 25/25 MP: 2/13
  1468 | D:2      | Learned a level 1 spell: Foxfire
  2050 | D:3      | Found a basalt altar of Yredelemnul.
  2074 | D:3      | Found a faded altar of an unknown god.
  2278 | D:3      | Found a sacrificial altar of Ru.
  2373 | D:3      | Found a glowing golden altar of the Shining One.
  2484 | D:3      | Found a snail-covered altar of Cheibriados.
  2533 | D:3      | Noticed an ogre
  2544 | D:3      | Killed an ogre
  2545 | D:3      | Reached skill level 6 in Spellcasting
  2545 | D:3      | Reached skill level 1 in Fire Magic
  2545 | D:3      | Reached XP level 5. HP: 16/29 MP: 3/15
  2996 | D:4      | Noticed Natasha
  3001 | D:4      | Reached XP level 6. HP: 26/34 MP: 6/17
  3209 | D:4      | Reached skill level 1 in Air Magic
  3261 | D:4      | Reached skill level 1 in Evocations
  3266 | D:4      | Reached skill level 7 in Spellcasting
  3266 | D:4      | Reached skill level 1 in Alchemy
  3412 | D:4      | Found a sparkling altar of Nemelex Xobeh.
  3506 | D:4      | Killed Natasha
  3562 | D:4      | Noticed Natasha
  3565 | D:4      | Killed Natasha
  3575 | D:4      | Reached XP level 7. HP: 36/38 MP: 6/20
  3882 | D:4      | Found a staircase to the Ecumenical Temple.
  3888 | Temple   | Entered the Ecumenical Temple
  3899 | Temple   | Became a worshipper of Vehumet
  3929 | D:5      | Entered Level 5 of the Dungeon
  3985 | D:5      | Found a transporter.
  4126 | D:5      | Identified the +10 sling of Doom {drain, Will+}
  4237 | D:5      | Noticed Pikel
  4261 | D:5      | Killed Pikel
  4262 | D:5      | Reached skill level 9 in Spellcasting
  4262 | D:5      | Reached XP level 8. HP: 33/45 MP: 19/23
  4462 | D:5      | Found a transporter.
  4770 | D:5      | Noticed Ijyb
  4780 | D:5      | Killed Ijyb
  4895 | D:5      | Reached skill level 5 in Conjurations
  5058 | D:6      | Reached * piety under Vehumet
  5058 | D:6      | Offered knowledge of Sting by Vehumet.
  5208 | D:6      | Reached skill level 10 in Spellcasting
  5519 | D:6      | Noticed Maggie
  5530 | D:6      | Killed Maggie
  5531 | D:6      | Reached XP level 9. HP: 50/50 MP: 16/25
  5616 | D:6      | Found a burning altar of Makhleb.
  5616 | D:6      | Noticed a balrug
  5619 | D:6      | Noticed a smoke demon
  5619 | D:6      | Noticed a smoke demon
  5647 | D:7      | Noticed Maurice
  5655 | D:7      | Killed Maurice
  5656 | D:7      | Reached skill level 11 in Spellcasting
  5656 | D:7      | Reached skill level 5 in Fire Magic
  6108 | D:7      | Reached skill level 1 in Shields
  6121 | D:7      | Reached skill level 12 in Spellcasting
  6413 | D:7      | Offered knowledge of Sandblast by Vehumet.
  6421 | D:7      | Reached ** piety under Vehumet
  6527 | D:7      | Found a white marble altar of Elyvilon.
  6835 | D:8      | Reached XP level 10. HP: 49/56 MP: 11/28
  7073 | D:8      | Reached skill level 13 in Spellcasting
  7090 | D:8      | Learned a level 6 spell: Starburst
  7275 | D:8      | Noticed Joseph
  7286 | D:8      | Killed Joseph
  7885 | D:9      | Offered knowledge of Searing Ray by Vehumet.
  8326 | D:9      | Found a staircase to the Lair.
  8335 | D:9      | Noticed a death yak
  8338 | D:9      | Noticed a manticore
  8514 | D:9      | Killed a death yak
  8515 | D:9      | Reached skill level 14 in Spellcasting
  8574 | D:9      | Reached *** piety under Vehumet
  8658 | D:9      | Learned a level 5 spell: Lee's Rapid Deconstruction
  8750 | D:9      | Killed a manticore
  8861 | D:10     | Entered Level 10 of the Dungeon
  8861 | D:10     | Noticed Urug
  8865 | D:10     | Killed Urug
  8866 | D:10     | Reached skill level 1 in Earth Magic
  8866 | D:10     | Reached XP level 11. HP: 25/60 MP: 10/31
  9053 | D:10     | Noticed a two-headed ogre
  9058 | D:10     | Noticed Sonja
  9059 | D:10     | Killed a two-headed ogre
  9082 | D:10     | Found Suimiwn's Jewellery Shoppe.
  9082 | D:10     | Found a flagged portal.
  9105 | D:10     | Offered knowledge of Inner Flame by Vehumet.
  9111 | Bailey   | Entered a bailey
  9430 | Bailey   | Noticed Prince Ribbit
  9433 | Bailey   | Noticed a vault guard
  9436 | Bailey   | Killed Prince Ribbit
  9436 | Bailey   | Reached **** piety under Vehumet
  9437 | Bailey   | Reached skill level 15 in Spellcasting
  9444 | Bailey   | Killed a vault guard
  9622 | Bailey   | Noticed a vault guard
  9631 | Bailey   | Killed a vault guard
  9742 | D:10     | Offered knowledge of Sticky Flame by Vehumet.
  9750 | D:10     | Killed Sonja
  9962 | D:10     | Noticed a fire dragon
 10082 | D:10     | Found a roughly hewn altar of Beogh.
 10082 | D:10     | Found a staircase to the Orcish Mines.
 10105 | D:10     | Found Xuvaukk's Vocational Training.
 10316 | D:10     | Found Deamnois's Jewellery Shoppe.
 10467 | D:10     | Found Ixacyot's Assorted Antiques.
 10475 | D:10     | Bought a scroll labelled FEONACWAOFO for 30 gold pieces
 10475 | D:10     | Bought a scroll labelled EGOTZU XUHUT for 30 gold pieces
 10475 | D:10     | Bought a clear potion for 27 gold pieces
 10475 | D:10     | Bought a viscous emerald potion for 27 gold pieces
 10475 | D:10     | Found a blossoming altar of Fedhas.
 10524 | D:10     | Reached skill level 16 in Spellcasting
 10714 | D:10     | Identified the +6 sling "Defuaven" {heavy, Str+6}
 10772 | D:10     | Found Vigeung's Assorted Antiques.
 10779 | D:10     | Bought a scroll labelled FEONACWAOFO for 27 gold pieces
 10779 | D:10     | Bought a scroll labelled VUCYAFAMOT for 27 gold pieces
 10779 | D:10     | Bought a scroll labelled FEONACWAOFO for 27 gold pieces
 10779 | D:10     | Bought a golden potion for 24 gold pieces
 10779 | D:10     | Bought a scroll labelled NIGAUJ YZITA for 27 gold pieces
 10814 | D:10     | Found Odawn's Antique Armour Shoppe.
 10976 | D:11     | Noticed a boulder beetle
 10984 | D:11     | Killed a boulder beetle
 10990 | D:11     | Reached XP level 12. HP: 64/64 MP: 9/34
 11549 | D:11     | Noticed Erica
 11553 | D:11     | Reached ***** piety under Vehumet
 11558 | D:11     | Killed Erica
 11684 | D:11     | Offered knowledge of Flame Wave by Vehumet.
 11920 | D:12     | Noticed a two-headed ogre
 11924 | D:12     | Reached skill level 10 in Conjurations
 11924 | D:12     | Killed a two-headed ogre
 11937 | D:12     | Reached skill level 17 in Spellcasting
 12196 | D:12     | Noticed an ogre mage
 12199 | D:12     | Killed an ogre mage
 12431 | D:12     | Reached skill level 10 in Fire Magic
 12618 | D:12     | Noticed Frances
 12633 | D:12     | Killed Frances
 12634 | D:12     | Reached skill level 5 in Fighting
 12858 | D:12     | Reached skill level 18 in Spellcasting
 12936 | D:12     | Noticed a boulder beetle
 12945 | D:12     | Killed a boulder beetle
 12946 | D:12     | Reached XP level 13. HP: 72/72 MP: 11/37
 13535 | D:12     | Found a shimmering blue altar of Sif Muna.
 13539 | D:12     | Got Unukupui's Omnibus of Leucosis
 13832 | D:12     | Identified 2 scrolls of acquirement
 13838 | D:12     | Acquired a book of the Spheres
 13846 | D:12     | Learned a level 5 spell: Fireball
 13852 | D:12     | Learned a level 5 spell: Iskenderun's Battlesphere
 13860 | D:12     | Learned a level 7 spell: Orb of Destruction
 13921 | D:10     | Killed a fire dragon
 14482 | D:13     | Reached skill level 5 in Armour
 14850 | D:13     | Reached skill level 19 in Spellcasting
 15992 | D:13     | Found a gate to the Vaults.
 16056 | D:13     | Acquired the amulet "Wukune" {RegenMP Regen+ Int+2 Slay-2
                  | Stlth+}
 16562 | D:14     | Reached skill level 5 in Shields
 16781 | D:14     | Reached XP level 14. HP: 73/78 MP: 31/39
 16814 | D:14     | Offered knowledge of Fulminant Prism by Vehumet.
 16815 | D:14     | Reached skill level 20 in Spellcasting
 17039 | D:14     | Identified the staff of Flawed Execution {rPois rC+ rN+
                  | Int+4 Stlth- Alchemy}
 17049 | D:14     | Identified the ring of Afifig {rPois rC++ Will+ Int+3
                  | Slay-3}
 17141 | D:14     | Found an iron altar of Okawaru.
 17615 | D:15     | Entered Level 15 of the Dungeon
 17923 | D:15     | Reached skill level 21 in Spellcasting
 17956 | D:15     | Found a staircase to the Depths.
 18141 | D:15     | Acquired 1167 gold pieces
 18680 | Lair:1   | Entered Level 1 of the Lair of Beasts
 19406 | Lair:1   | Found a runed translucent door.
 19970 | Lair:2   | Offered knowledge of Irradiate by Vehumet.
 20026 | Lair:2   | Found a hole to the Spider Nest.
 20061 | Lair:2   | Reached XP level 15. HP: 82/82 MP: 36/42
 20517 | Lair:2   | Found a staircase to the Shoals.
 20906 | Lair:3   | Found a frozen archway.
 20915 | IceCv    | Entered an ice cave
 21169 | IceCv    | Reached skill level 22 in Spellcasting
 21215 | IceCv    | Identified the ring of Eternal Harmony {rF+++ Will+ rCorr
                  | Int-4 SInv}
 21704 | Lair:3   | You fall into a shaft and drop 2 floors!
 21704 | Lair:5   | Entered Level 5 of the Lair of Beasts
 22161 | Lair:4   | Noticed Josephine
 22163 | Lair:4   | Killed Josephine
 22413 | Lair:4   | Offered knowledge of Spellforged Servitor by Vehumet.
 22854 | Lair:4   | Learned a level 8 spell: Ignition
 23634 | Lair:5   | Found a staircase to the Slime Pits.
 23635 | Lair:5   | Found a viscous altar of Jiyva.
 23858 | Lair:5   | Offered knowledge of Freezing Cloud by Vehumet.
 23865 | Lair:5   | Learned a level 5 spell: Freezing Cloud
 23948 | Lair:5   | Reached skill level 23 in Spellcasting
 23976 | Lair:5   | Identified the +0 scale mail of Loqeur {-Cast rElec Int-5
                  | SInv}
 24068 | Lair:5   | Reached skill level 1 in Ice Magic
 24527 | Orc:1    | Entered Level 1 of the Orcish Mines
 24746 | Orc:2    | Entered Level 2 of the Orcish Mines
 24899 | Orc:2    | Found Nyenwapt's Armour Emporium.
 24935 | Orc:2    | Noticed Erolcha
 24937 | Orc:2    | Killed Erolcha
 25039 | Orc:2    | Found a roughly hewn altar of Beogh.
 25041 | Orc:2    | Reached XP level 16. HP: 88/88 MP: 40/45
 25534 | Orc:1    | Found a roughly hewn altar of Beogh.
 25881 | Orc:2    | Found a staircase to the Elven Halls.
 25920 | Orc:2    | Found a roughly hewn altar of Beogh.
 25943 | Orc:2    | Found Oxkicwu's Assorted Antiques.
 26172 | Orc:2    | Found Yduifyqil's Antique Armour Boutique.
 26173 | Orc:2    | Found a roughly hewn altar of Beogh.
 26176 | Orc:2    | Found Zeotal's Antique Weapon Shop.
 26224 | Orc:2    | Found a roughly hewn altar of Beogh.
 26225 | Orc:2    | Reached ****** piety under Vehumet
 26269 | Orc:2    | Found Geuwempe's Weapon Boutique.
 26384 | Shoals:1 | Entered Level 1 of the Shoals
 26443 | Shoals:1 | Noticed Kirke
 26444 | Shoals:1 | Offered knowledge of Bombard by Vehumet.
 26445 | Shoals:1 | Killed Kirke
 26640 | Shoals:1 | Found Hilif's Magic Scroll Shop.
 26670 | Shoals:1 | Bought a scroll of teleportation for 48 gold pieces
 26670 | Shoals:1 | Bought a scroll of revelation for 120 gold pieces
 26750 | Shoals:1 | You fall into a shaft and drop 1 floor!
 27981 | Shoals:2 | Reached skill level 24 in Spellcasting
 28632 | Shoals:3 | Reached skill level 15 in Conjurations
 29034 | Shoals:3 | Noticed Ilsuiw
 29041 | Shoals:3 | Killed Ilsuiw
 29049 | Shoals:3 | Noticed Mlioglotl
 29054 | Shoals:3 | Noticed a bone dragon
 29058 | Shoals:3 | Killed Mlioglotl
 29128 | Shoals:3 | Identified the serpent talisman of Proximity {Fly rC+
                  | Slay+3}
 29128 | Shoals:3 | Noticed Aizul
 29134 | Shoals:3 | Killed Aizul
 29189 | Shoals:3 | Reached skill level 15 in Fire Magic
 29259 | Shoals:3 | Identified the +7 quarterstaff "Entaecah" {elec, ^Fragile
                  | rC+ Will++ Int+3}
 29367 | Shoals:3 | Found Kaont's Assorted Antiques.
 29406 | Shoals:3 | Noticed Polyphemus
 29412 | Shoals:3 | Killed Polyphemus
 29446 | Shoals:3 | Reached XP level 17. HP: 94/94 MP: 37/47
 29842 | Shoals:4 | Entered Level 4 of the Shoals
 29944 | Shoals:4 | Reached skill level 25 in Spellcasting
 29950 | Shoals:4 | Offered knowledge of Ozocubu's Refrigeration by Vehumet.
 29975 | Shoals:4 | Identified the amulet of Modesty {Reflect Str+3 Int+2 SH+5}
 29990 | Shoals:4 | Identified the ring of Teewod {Will+ Str+2 Slay+5}
 30034 | Shoals:4 | Identified the +6 long sword of Res Judicata {flame, Str+2}
 30325 | Shoals:4 | Found a transporter.
 30327 | Shoals:4 | Found Qeafola's General Store.
 30472 | Shoals:4 | Got a barnacled rune of Zot
 30752 | Shoals:4 | Found a transporter.
 30810 | Shoals:4 | Identified the +7 morningstar of the Slime-mould {freeze,
                  | Str+3}
 30998 | Shoals:4 | Identified the ring "Tunnuphoomo" {rElec Str-3 Dex+6
                  | Stlth+}
 31418 | Spider:1 | Entered Level 1 of the Spider Nest
 31745 | Spider:1 | Noticed Donald
 31753 | Spider:1 | Killed Donald
 32028 | Spider:1 | Offered knowledge of Lehudib's Crystal Spear by Vehumet.
 32028 | Spider:1 | Offered knowledge of Fire Storm by Vehumet.
 32028 | Spider:1 | Offered knowledge of Shatter by Vehumet.
 32040 | Spider:1 | Learned a level 9 spell: Fire Storm
 32280 | Spider:1 | Reached skill level 26 in Spellcasting
 32701 | Spider:2 | Reached XP level 18. HP: 103/103 MP: 13/50
 32819 | Spider:2 | Noticed Nikola
 32825 | Spider:2 | Killed Nikola
 33615 | Spider:3 | Noticed Bai Suzhen
 33621 | Spider:3 | Noticed Jorgrun
 33623 | Spider:3 | Killed Jorgrun
 33627 | Spider:3 | Killed Bai Suzhen
 34054 | Spider:4 | Entered Level 4 of the Spider Nest
 34403 | Spider:4 | Reached skill level 27 in Spellcasting
 35468 | Spider:4 | Identified the +2 pair of boots "Niguhet" {*Slow +Inv
                  | Int+6}
 35487 | Spider:4 | Got a gossamer rune of Zot
 35834 | Elf:1    | Entered Level 1 of the Elven Halls
 36035 | Elf:1    | Reached XP level 19. HP: 107/107 MP: 40/52
 36117 | Elf:1    | Found Behu's General Store.
 36161 | Elf:1    | Bought a scroll of acquirement for 728 gold pieces
 36161 | Elf:1    | Bought 2 potions of heal wounds for 140 gold pieces
 36162 | Elf:1    | Acquired the +1 pair of gloves "Zapizxel" {Fly rElec rF+
                  | rC+}
 36898 | Elf:2    | Found Poxiuscho's Antique Weapon Boutique.
 36956 | Elf:2    | Identified the ring "Nyfoj" {rPois Will+ rCorr Dex+6}
 37109 | Elf:2    | Found a runed translucent gate.
 37109 | Elf:2    | Found a runed translucent gate.
 37120 | Elf:2    | Found a runed translucent gate.
 37357 | Elf:3    | Entered Level 3 of the Elven Halls
 37511 | Elf:3    | Got Sif Muna's Omnibus of Summoning
 37680 | Elf:3    | Found Qic Erer's Armour Shoppe.
 37680 | Elf:3    | Found Goopur's Armour Emporium.
 37684 | Elf:3    | Found Neckej's Book Shoppe.
 37971 | Elf:3    | Found Loidiuzy's Jewellery Shoppe.
 38025 | Elf:3    | Identified the ring of Xom's Attic {AC+4 Str+3 Int+6}
 38028 | Elf:3    | Noticed a Tzitzimitl
 38140 | Elf:3    | Got the Omnibus of Fluctuating Doom
 38142 | Elf:3    | Identified the +6 orcbow "Naijosh Visa" {speed, rPois
                  | Will++ Str+3 Stlth+}
 38169 | Elf:3    | Identified the +1 morningstar "Osytholy" {heavy, rF++ Will+
                  | rCorr Int-2}
 38169 | Elf:3    | Identified the amulet of Youthful Indiscretion {^Contam rN+
                  | Regen+ Dex+3}
 38746 | D:4      | Noticed Natasha
 38747 | D:4      | Killed Natasha
 39055 | Vaults:1 | Entered Level 1 of the Vaults
 39788 | Vaults:1 | Reached XP level 20. HP: 117/117 MP: 53/53
 39874 | Vaults:1 | Reached skill level 10 in Fighting
 40221 | Vaults:2 | Noticed Sojobo
 40224 | Vaults:2 | Killed Sojobo
 40427 | Vaults:2 | Identified the +2 robe of the Heavens {Int+5 Dex-3 Slay+6}
 40427 | Vaults:2 | Noticed Boris
 40439 | Vaults:2 | Killed Boris
 40440 | Vaults:2 | Blown up by Boris

Illustrated notes

Levels and vault maps discovered:
D:1:      dpeg_arrival_solitude, layout_loops_corners, minmay_crystal_room
D:2:      layout_basic
D:3:      layout_loops_ring, tso_oasis_becter, mainiacjoe_overflow_alcove_1,
          mainiacjoe_overflow_catwalk, mainiacjoe_overflow_paths,
          shapermc_ecumenical_altar_mp_ritualfount, nicolae_titane
D:4:      layout_rooms, mainiacjoe_overflow_alcove_2, minmay_temple_entry_fiery,
          uniq_natasha
D:5:      gammafunk_wand_slinger, layout_loops_ring,
          nicolae_twisty_statue_hallways, uniq_pikel, uniq_ijyb
D:6:      layout_gridville, makhleb_altar_promises_db, minmay_mini_ossuary,
          uniq_maggie
D:7:      layout_cave_pools, nicolae_elyvilon_peaceful_grove,
          nicolae_zig_zag_zippers, uniq_maurice
D:8:      layout_layer_cave, st_stairs_7, uniq_joseph
D:9:      layout_loops_ring, dpeg_lair_monsters
D:10:     minmay_clustersquares, layout_irregular_city,
          nicolae_overflow_crystal_walls, david_orc_5, enter_bailey_5,
          serial_shops, nicolae_shop_trees, nicolae_shop_advertising_works
          [nicolae_subvault_shop_adworks], kennysheep_mini, shop, shop,
          nicolae_shop_vocational, uniq_sonja, uniq_urug
D:11:     layout_layer_cave, minmay_misc_feat_chi, uniq_erica
D:12:     layout_loops_ring, serial_library,
          serial_library_regret_index_small_wings,
          serial_library_hellmonk_octagon, serial_library_regret_index_multi,
          serial_library_hellmonk_reading_circle,
          serial_library_regret_index_split_case,
          serial_library_hellmonk_narrow_alcove, serial_library_hellmonk_room_c,
          serial_library_hellmonk_open_square, serial_library_hellmonk_room_b,
          serial_library_hellmonk_hallway_a, grunt_ministairs_15,
          onia_ninara_cookie, uniq_frances
D:13:     hangedman_surveillance_ring, layout_layer_cave, david_vaults_5
D:14:     fort_yaktaur, layout_gridville, okawaru_ov_weapons_minmay,
          minmay_splitting_lines
D:15:     grunt_enter_depths_hoard, layout_rooms,
          amcnicky_mini_rare_corridor_liquid
Temple:   nicolae_temple_two_arcs
Lair:1:   dreamdust_labyrinth, layout_loops_ring
Lair:2:   layout_regular_city, shoals_dummy_entry,
          nicolae_spider_entry_non_spiders, grunt_megastairs_1
Lair:3:   layout_layer_cave, portal_ice_cave_entry_pillars_1, minivault_25
Lair:4:   layout_cave_pods, uniq_josephine
Lair:5:   minmay_lair_end_enchanted_forest, layout_cave_shapes, slime_entry_1,
          chequers_serial_rivers_small_a
Shoals:1: layout_shoals, serial_shops, shop_statue, overgrown_tower, uniq_kirke
Shoals:2: layout_shoals, nicolae_shoals_former_cling_ruins
Shoals:3: layout_shoals, nicolae_shoals_c_island, uniq_ilsuiw, uniq_polyphemus,
          uniq_mlioglotl, uniq_aizul
Shoals:4: shoals_end_simple, layout_shoals, serial_shops,
          nicolae_shop_drivethru, nzn_prometheus_bound
Spider:1: layout_chambers, uniq_donald
Spider:2: layout_spider_delve, uniq_nikola
Spider:3: layout_cave_pods, uniq_bai_suzhen, uniq_jorgrun
Spider:4: grunt_spider_rune_circles
Orc:1:    nicolae_orc_accident_2, layout_diamond_mine
Orc:2:    grunt_orc_community_town_hall, layout_caves,
          grunt_orc_community_big_house_2, grunt_orc_community_big_house_2,
          grunt_orc_community_house_3, grunt_orc_community_house_1,
          grunt_orc_community_house_1, grunt_orc_community_house_2,
          serial_shops, nicolae_diamond_shop, mines3_lemuel, uniq_erolcha
Elf:1:    layout_loops_cross, special_room [special_room_orc], serial_shops,
          shop
Elf:2:    nicolae_elf_blades_splatter_lattice [nicolae_blade_entry_pointy_end],
          layout_geoelf_grid, serial_shops, shop
Elf:3:    grunt_elf_hall_branching, layout_onion_city, serial_shops, shop,
          minmay_shop_star
Vaults:1: nicolae_vaults_stepped_doors, ontoclasm_vaults_ring_square,
          nicolae_vaults_tetromino_Z_1, v_rooms_1, nicolae_vaults_tangram_2,
          ontoclasm_vaults_gallery, nicolae_vaults_apartment_2,
          nicolae_vaults_asterisk, nicolae_vaults_sealed_display,
          layout_vaults_ring
Vaults:2: minmay_crypt_entry_necro_gods, nicolae_vaults_network_barrier,
          nicolae_vaults_big_angled_halls, v_misc_2, vaults_mumra_lcd,
          v_pattern_4, vaults_dpeg_hooks, nicolae_vaults_sightless_eye,
          nicolae_vaults_heist, ontoclasm_vaults_decontamination,
          layout_vaults_quadrants, uniq_boris, uniq_sojobo

Skill      XL: |  1  2  3  4  5  6  7  8  9 10 11 12 13 14 15 16 17 18 19 20 |
---------------+-------------------------------------------------------------+-----
Spellcasting   | 5 6 7 9 10 12 14 16 18 19 21 23 24 26 27 | 27.0
Armour         | 1 2 3 4 5 7 8 9 |  9.3
Conjurations   | 2 3 4 5 7 8 9 10 12 13 14 15 16 17 19 20 | 20.1
Fighting       | 1 2 3 5 6 8 9 10 | 10.0
Dodging        | 3 |  3.0
Stealth        | 3 |  3.3
Fire Magic     | 1 3 4 6 7 8 10 11 12 13 15 16 17 18 19 | 19.0
Air Magic      | 1 |  1.0
Evocations     | 1 |  1.0
Alchemy        | 1 |  1.0
Shields        | 2 3 4 5 6 7 |  7.0
Earth Magic    | 1 4 |  4.0
Ice Magic      | 1 |  1.0
Summonings     | |  1.1
Translocations | |  1.1

Action                     |  1- 3 |  4- 6 |  7- 9 | 10-12 | 13-15 | 16-18 | 19-21 || total
---------------------------+-------+-------+-------+-------+-------+-------+-------++-------
  Melee: Dagger            |     9 |    19 |       |       |       |       |       ||    28
         Staff             |       |       |    20 |    39 |     5 |       |     1 ||    65
   Fire: Sling             |       |       |    18 |       |       |       |       ||    18
   Cast: Magic Dart        |    76 |       |       |     2 |     1 |    10 |     1 ||    90
         Mephitic Cloud    |     1 |     6 |    21 |    33 |     1 |     2 |       ||    64
         Foxfire           |       |    82 |   232 |   265 |     8 |       |       ||   587
         Blink             |       |     1 |     1 |     1 |     2 |     3 |     1 ||     9
         Call Imp          |       |     1 |       |     2 |     1 |       |       ||     4
         Starburst         |       |       |       |    97 |    66 |    11 |     3 ||   177
         Fireball          |       |       |       |       |   355 |   531 |   184 ||  1070
         Orb of Destructio |       |       |       |       |     7 |    26 |    25 ||    58
         Lee's Rapid Decon |       |       |       |       |     2 |       |       ||     2
         Iskenderun's Batt |       |       |       |       |     2 |     2 |       ||     4
         Ignition          |       |       |       |       |     6 |    59 |    10 ||    75
         Freezing Cloud    |       |       |       |       |       |       |     3 ||     3
         Fire Storm        |       |       |       |       |       |       |     3 ||     3
    Use: Scroll            |       |       |       |       |    30 |     3 |     4 ||    37
         Potion            |       |       |       |       |       |     1 |       ||     1
   Stab: Confused          |     2 |     2 |     2 |     2 |       |       |       ||     8
 Armour: Robe              |     7 |    43 |    17 |       |       |       |       ||    67
         Steam dragon scal |       |       |    31 |   110 |    42 |       |       ||   183
         Leather armour    |       |       |       |       |     7 |    41 |    43 ||    91
  Dodge: Dodged            |    15 |    36 |    51 |   116 |    27 |    17 |     8 ||   270
  Block: Buckler           |       |       |       |       |     8 |    15 |     6 ||    29

Table legend: (Time is in decaauts)
 A = Elapsed time spent in this place.
 B = Non-inter-level travel time spent in this place.
 C = Inter-level travel time spent in this place.
 D = Time resting spent in this place.
 E = Time spent auto-exploring this place.
 F = Levels seen in this place.
 G = Mean time per level.
                   A        B        C        D        E       F      G
               +--------+--------+--------+--------+--------+-----+--------+
         Total |  40614 |  36601 |   4013 |   2135 |  28781 |  38 | 1068.8 |
       Dungeon |  19098 |  16712 |   2386 |   1359 |  12952 |  15 | 1273.2 |
        Temple |    175 |    148 |     27 |      0 |      0 |   1 |  175.0 |
          Lair |   5429 |   4772 |    657 |     60 |   3995 |   5 | 1085.8 |
        Shoals |   4521 |   4250 |    271 |    189 |   3518 |   4 | 1130.2 |
   Spider Nest |   4315 |   4071 |    244 |    234 |   3174 |   4 | 1078.8 |
  Orcish Mines |   1887 |   1685 |    202 |     39 |   1391 |   2 |  943.5 |
   Elven Halls |   2785 |   2649 |    136 |    126 |   1963 |   3 |  928.3 |
        Vaults |   1384 |   1297 |     87 |      0 |   1136 |   2 |  692.0 |
        Bailey |    629 |    629 |      0 |    128 |    364 |   1 |  629.0 |
      Ice Cave |    386 |    386 |      0 |      0 |    287 |   1 |  386.0 |
               +--------+--------+--------+--------+--------+-----+--------+

Top non-repeatable levels by time:
    D:12: 2586 daAuts
Spider:4: 1594 daAuts
    D:10: 1592 daAuts
    D:13: 1576 daAuts
     D:9: 1551 daAuts
  Lair:1: 1396 daAuts
     D:5: 1376 daAuts
    D:11: 1294 daAuts
     D:7: 1287 daAuts
Spider:1: 1285 daAuts
Shoals:4: 1221 daAuts
   Orc:2: 1216 daAuts
   Elf:3: 1194 daAuts
    D:14: 1169 daAuts
Shoals:2: 1122 daAuts
